 Dungeon Crawl Stone Soup version 0.21-a0-82-gdb84782 (webtiles) character file.

222 Rrauwl the Grasshopper (level 5, -1/43 HPs)
             Began as a Gnoll Warper on June 24, 2017.
             Slain by an orc wizard
             ... wielding a +0 dagger
              (2 damage)
             ... on level 4 of the Dungeon.
             The game lasted 00:09:26 (2530 turns).

Rrauwl the Grasshopper (Gnoll Warper)               Turns: 2530, Time: 00:09:27

Health: -1/43      AC:  3    Str: 14    XL:     5   Next: 99%
Magic:  11/11      EV: 13    Int: 13    God:
Gold:   161        SH:  0    Dex: 13    Spells: 11/13 levels left

rFire    . . .     SeeInvis .   b - +0 hunting sling
rCold    . . .     Gourm    .   (no shield)
rNeg     . . .     Faith    .   m - +0 leather armour
rPois    .         Spirit   .   (no helmet)
rElec    .         Reflect  .   (no cloak)
rCorr    .         Harm     .   (no gloves)
MR       .....                  (no boots)
Stlth    +.........             (no amulet)
HPRegen  0.14/turn              (no ring)
MPRegen  0.12/turn              (no ring)

@: flying, hasted, very quick
A: short attention span, fangs 1, deterioration 1, strong 1, strong nose
a: no special abilities


You were on level 4 of the Dungeon.
You were not hungry.

You visited 1 branch of the dungeon, and saw 4 of its levels.

You collected 161 gold pieces.

Inventory:

Hand Weapons
 a - a +2 whip of venom
 b - a +0 hunting sling (weapon)
Missiles
 e - 5 tomahawks of dispersal
 g - 5 sling bullets (quivered)
 h - 153 stones
Armour
 m - a +0 leather armour (worn)
Scrolls
 d - 2 scrolls of blinking
 l - a scroll of recharging {unknown}
 n - a scroll of enchant armour {unknown}
 p - a scroll of fog {unknown}
 r - 2 scrolls of identify {unknown}
 s - 2 scrolls of remove curse {unknown}
 t - a scroll of teleportation {unknown}
 u - a scroll of magic mapping {unknown}
Potions
 i - a potion of haste
 q - a potion of flight
Books
 c - a book of Spatial Translocations

   Spells                             Type                      Level
   a - Blink                          Translocation                2
   b - Shroud of Golubria             Charms/Translocation         2
   c - Lesser Beckoning               Translocation                3
   d - Gell's Gravitas                Translocation                3
   e - Teleport Other                 Translocation                3
   f - Passage of Golubria            Translocation                4
Comestibles
 f - 2 bread rations
 j - 2 chunks of flesh
 k - 2 royal jellies
 o - 2 meat rations


   Skills:
 + Level 4.5 Fighting
 + Level 4.7 Maces & Flails
 + Level 3.6(4.5) Slings
 + Level 4.0(4.6) Throwing
 + Level 3.5 Armour
 + Level 4.2 Dodging
 + Level 4.6 Spellcasting
 - Level 5.0 Translocations


You had 11 spell levels left.
You knew the following spells:

 Your Spells              Type           Power        Failure   Level  Hunger
a - Blink                 Tloc           N/A          4%          2    ##.....


Dungeon Overview and Level Annotations

Branches:
Dungeon (4/15)
 Temple: D:4-7

Altars:
Nemelex Xobeh
Qazlal
Sif Muna
Wu Jian
The Shining One


Innate Abilities, Weirdness & Mutations

You have a short attention span.
You have very sharp teeth.
Your uncanny sense of smell can sniff out nearby items.
Your body sometimes deteriorates upon taking damage.
Your muscles are strong. (Str +2)


Message History

The sling bullet closely misses the orc wizard.
The sling bullet hits the orc!
You kill the orc!
The orc wizard barely misses you.
Firing (i - inventory. (,) - cycle):
g - 7 sling bullets (quivered)
Press: ? - help, Shift-Dir - straight line, f/p - orc wizard
Aim: an orc wizard, wielding a dagger and wearing a robe (moderately wounded, fast)
You shoot a sling bullet. The sling bullet hits the orc wizard.
The orc wizard is severely wounded.
The orc wizard points at you and mumbles some strange words.
The puff of flame hits you!
* * * LOW HITPOINT WARNING * * *
Firing (i - inventory. (,) - cycle):
g - 6 sling bullets (quivered)
Press: ? - help, Shift-Dir - straight line, f/p - orc wizard
Aim: an orc wizard, wielding a dagger and wearing a robe (severely wounded, fast)
You shoot a sling bullet.
The sling bullet hits the orc wizard but does no damage.
The orc wizard is severely wounded.
The orc wizard hits you with a dagger.
You die...

##### ### .... ..#
#..# #.# #..# #.#
#####..##### #.#
#..........###.###
..#.#....###.......#
.........#######.#.#
.###.......oo@..#.#
##.###########.# #.#
#.# #.# #.# #o# #.#
∆ .o. #.# ...o.
###.### ......o
##.#...## .........
##...#...#


You could see an orc priest and an orc wizard.

Vanquished Creatures
  3 orc wizards (D:3)
  2 adders
  4 gnolls (D:4)
  3 oozes
  4 worms
  3 leopard geckos
  6 orcs
  4 giant cockroaches
  2 goblins
  5 hobgoblins
  2 bats
  7 frilled lizards
  5 kobolds
  9 rats
59 creatures vanquished.

Notes
Turn   | Place    | Note
-------+----------+-------------------------------------------
     0 | D:1      | Rrauwl the Gnoll Warper began the quest for the Orb.
     0 | D:1      | Reached XP level 1. HP: 18/18 MP: 5/5
   163 | D:1      | Reached XP level 2. HP: 23/24 MP: 6/6
   392 | D:1      | Learned a level 2 spell: Blink
   676 | D:2      | Reached XP level 3. HP: 29/29 MP: 8/8
   697 | D:2      | Reached skill level 1 in Slings
   886 | D:2      | Found a sparkling altar of Nemelex Xobeh.
  1214 | D:2      | Found a stormy altar of Qazlal.
  1350 | D:2      | Reached skill level 5 in Translocations
  1350 | D:2      | Reached XP level 4. HP: 20/37 MP: 10/10
  1886 | D:3      | Found an ornate altar of the Wu Jian Council.
  1906 | D:3      | Found a deep blue altar of Sif Muna.
  1982 | D:3      | Reached XP level 5. HP: 42/42 MP: 11/11
  2316 | D:3      | Found a glowing golden altar of the Shining One.
  2527 | D:4      | Gained mutation: Your body sometimes deteriorates upon taking damage. [potion of mutation]
  2527 | D:4      | Gained mutation: Your muscles are strong. (Str +2) [potion of mutation]
  2529 | D:4      | HP: 1/43 [orc wizard/puff of flame (11)]
  2530 | D:4      | Slain by an orc wizard

Vault maps used:
D:1:      minmay_arrival_arboretum_small
D:2:      nemelex_xobeh_ov_fountains_minmay, lemuel_doored_altar
D:3:      led_sif_book, tso_altar, lemuel_round_altar

Skill      XL: |  1  2  3  4  5 |
---------------+----------------+-----
Armour         | 2 3 |  3.5
Throwing       | 2 3 4 |  4.0
Spellcasting   | 4 |  4.6
Maces & Flails | 4 |  4.7
Slings         | 2 3 |  3.6
Translocations | 5 |  5.0
Fighting       | 4 |  4.5
Dodging        | 4 |  4.2

Action                   |  1- 3 |  4- 6 || total
-------------------------+-------+-------++-------
Melee: Mace              |   140 |    48 ||   188
       Bite              |    10 |     1 ||    11
 Fire: Hunting sling     |       |    52 ||    52
  Use: Potion            |       |     3 ||     3
 Stab: Sleeping          |       |     1 ||     1
  Eat: Chunk             |     2 |     3 ||     5
Armor: Leather armour    |    30 |    13 ||    43
Dodge: Dodged            |   109 |    39 ||   148
